Map: Iron Fortress LE (Void)

Players

Bop

  • Race: Terran Terran

Yours - Winner!

  • Race: Zerg Zerg

VOD

Have the link to the VOD?

Description

Time

  • Played on: May 7, 2015, 1:30 a.m.
  • Length: 4:15
Show
View Real Time Build Order
Export as new Build Order

Bop Terran 

Build Orders: Command Center First (CC) 

Get SALT Encoding   

  12  0:00  SCV  
  13  0:13  SCV  
  14  0:18  Supply Depot  
  14  0:25  SCV  
  15  0:40  SCV  
  16  0:56  Command Center  
  16  1:00  SCV  
  17  1:12  Barracks  
  17  1:15  SCV  
  18  1:26  Barracks  
  18  1:29  SCV  
  19  1:35  Refinery  
  19  1:41  SCV  
  20  1:53  SCV  
  21  2:00  Marine  
  22  2:05  Orbital Command  
  22  2:10  Orbital Command  
  22  2:17  Marine  
  22  2:18  Marine  
  24  2:26  Bunker  
  24  2:32  SCV  
  24  2:34  Marine  
  24  2:36  SCV, Marine  
  28  2:44  SCV  
  28  2:49  Factory  
  29  2:52  Marine  
  29  2:58  Supply Depot  
  30  3:05  Barracks Reactor  
  30  3:06  SCV x2  
  30  3:09  Refinery  
  32  3:13  Barracks Tech Lab  
  32  3:18  SCV x2  
  34  3:20  Supply Depot  
  34  3:30  SCV x2  
  34  3:32  Marine  
  34  3:34  Command Center  
  37  3:38  Starport  
  37  3:42  SCV x2  
  37  3:46  Marine x2  
  37  3:48  Factory Tech Lab  
  41  3:50  Marine  
  42  3:57  Supply Depot, SCV  
  42  3:58  Supply Depot, SCV  
Show
View Real Time Build Order
Export as new Build Order

Yours Zerg - Winner!

Build Orders: Hatch First 

Get SALT Encoding   

  12  0:01  Drone  
  13  0:12  Overlord  
  13  0:18  Drone  
  14  0:31  Drone x2  
  14  0:34  Drone  
  17  0:53  Hatchery  
  16  0:58  Drone  
  16  1:00  Extractor  
  16  1:12  Spawning Pool  
  16  1:15  Drone  
  16  1:18  Drone  
  17  1:23  Drone  
  18  1:28  Drone  
  19  1:59  Queen  
  19  2:00  Zergling x2  
  22  2:05  Metabolic Boost, Zergling x2  
  22  2:06  Queen  
  25  2:09  Overlord  
  25  2:10  Drone  
  25  2:13  Drone  
  27  2:19  Drone  
  28  2:29  Drone  
  30  2:30  Drone  
  30  2:33  Drone, Baneling Nest  
  30  2:38  Drone  
  30  2:43  Drone  
  32  2:48  Overlord  
  32  2:56  Overlord  
  32  3:04  Zergling x2  
  33  3:06  Zergling x2  
  33  3:10  Zergling x10  
  39  3:21  Zergling x6  
  39  3:22  Zergling x4  
  44  3:33  Overlord  
  44  3:34  Zergling x2  
  45  3:41  Baneling x5  
  45  3:43  Zergling x2  
  45  3:44  Zergling x10  
  45  3:46  Baneling x2  
  51  3:52  Zergling x6  
  51  3:53  Zergling x2  
Tags
 
Add a new tag
Caveats
  • Supply blocks, unpowered buildings, or Contaminate may cause inaccurate times.
  • Supply counts are checked every 10 seconds.